 Dungeon Crawl Stone Soup version 0.29.1-2-gbd0b4ee654 (webtiles) character file.

Game seed: 17485029946731085039

5180 Sabo the Cleaver (level 10, -2/77 HPs)
             Began as a Demonspawn Berserker on Nov 23, 2022.
             Was a High Priest of Trog.
             Slain by Erolcha
             ... wielding a +0 giant spiked club
              (26 damage)
             ... on level 9 of the Dungeon.
             The game lasted 00:51:51 (11384 turns).

Sabo the Cleaver (Demonspawn Berserker)            Turns: 11384, Time: 00:51:52

Health: -2/77      AC: 12    Str: 21    XL:     10   Next: 34%
Magic:  10/10      EV: 13    Int: 13    God:    Trog [*****.]
Gold:   486        SH:  0    Dex: 12    Spells: 9/9 levels left

rFire   . . .      SeeInvis .   E - +7 war axe "Huqam" {freeze, rElec rCorr}
rCold   . . .      Faith    .   (no shield)
rNeg    . . .      Spirit   .   C - +0 steam dragon scales
rPois   .          Reflect  .   G - +0 hat {Int+3}
rElec   +          Harm     .   q - +0 cloak
rCorr   +          Rampage  .   m - +0 pair of gloves
Will    +....                   (no boots)
Stlth   ++........              u - amulet of the acrobat
HPRegen 0.22/turn               i - ring of willpower
MPRegen 0.12/turn               (no ring)

@: no status effects
A: antennae 1, molten scales 2, ignite blood 1, spiny 1, augmentation 1
a: Renounce Religion, Berserk, Trog's Hand, Brothers in Arms


You were on level 9 of the Dungeon.
You worshipped Trog.
Trog was extremely pleased with you.
You visited 1 branch of the dungeon, and saw 9 of its levels.
You also visited: Sewer.

You collected 1264 gold pieces.
You spent 778 gold pieces at shops.

Inventory:

Hand Weapons
 b - a +2 vorpal broad axe
 h - a +0 shortbow
 A - a +2 dagger of flaming
 E - the +7 war axe "Huqam" (weapon) {freeze, rElec rCorr}
   (You bought it in a shop on level 6 of the Dungeon)

   It freezes those it strikes, dealing additional cold damage.
   It can also slow down cold-blooded creatures.
   rElec:     It insulates you from electricity.
   rCorr:     It protects you from acid and corrosion.
 H - a +2 spear of venom
Missiles
 g - 32 poisoned darts (quivered)
 x - 2 throwing nets
Armour
 m - a +0 pair of gloves (worn)
 q - a +0 cloak (worn)
 C - +0 steam dragon scales (worn)
 G - a +0 hat of intelligence (worn)
Jewellery
 i - a ring of willpower (left hand)
 u - an amulet of the acrobat (around neck)
Wands
 a - a wand of digging (3)
 y - a wand of flame (17)
 B - a wand of iceblast (20)
Scrolls
 n - 2 scrolls of poison
 p - 3 scrolls of brand weapon
 t - 3 scrolls of fog
 w - a scroll of summoning
 z - 3 scrolls of blinking
Potions
 c - 4 potions of heal wounds
 d - 5 potions of resistance
 f - a potion of invisibility {unknown}
 k - 5 potions of curing
 l - a potion of might {unknown}
 o - a potion of mutation {unknown}
 r - 2 potions of cancellation {unknown}
 s - 3 potions of flight {unknown}
 v - 2 potions of degeneration {unknown}
 D - a potion of brilliance {unknown}


   Skills:
 + Level 6.4 Fighting
 + Level 6.1 Short Blades
 + Level 8.2 Axes
 + Level 7.2 Armour
 + Level 4.6 Dodging
 + Level 2.0 Stealth
 + Level 0.3 Evocations


You had 9 spell levels left.
You didn't know any spells.
Your spell library was empty.

Dungeon Overview and Level Annotations

Branches:
Dungeon (9/15)             Temple (0/1) D:6            Lair (0/5) D:8
  Sewer (visited)
    Orc: D:9-12

Altars:
Cheibriados
Nemelex Xobeh
Okawaru
Qazlal
Uskayaw
Xom

Shops:
D:6 :*

Annotations:
D:9 Erolcha


Innate Abilities, Weirdness & Mutations

You have a pair of small antennae on your head.
You are mostly covered in molten scales. (AC +3)
Your demonic aura sometimes causes spilled blood to erupt in flames.
You are partially covered in sharp spines.
Your magical and physical power is slightly enhanced at high health.


Message History

You see here a +2 vorpal broad axe.
b - a +2 vorpal broad axe
Things that are here:
a +0 short sword; a kobold corpse
Things that are here:
a +0 dagger; a stone; a kobold corpse
Items here: ( )) †.
Okay, then.
g - 32 poisoned darts (gained 5)
Things that are here:
a +0 dagger; a kobold corpse
Items here: ( )) †.
e - a scroll of identify
As you read the scroll of identify, it crumbles to dust.
k - 4 potions of curing You open the door.
Found a potion of curing.
There is an open door here.
k - 5 potions of curing (gained 1)
A wyvern comes into view.
The wyvern hisses angrily.
Erolcha the Cunning comes into view.
She is wielding a +0 giant spiked club.
Erolcha gestures wildly while chanting.
Erolcha flickers and vanishes!
Deactivating autopickup; reactivate with Ctrl-A.
The wyvern closely misses you.
You hit the wyvern but do no damage. The wyvern bites you!
The wyvern closely misses you.
You slash the wyvern! You freeze the wyvern.
The wyvern is heavily wounded.
The wyvern bites you. The wyvern is struck by your spines.
The wyvern bites you!
You slash the wyvern! You freeze the wyvern.
You kill the wyvern!
Trog accepts your kill.
You slash something! You freeze something. Something hits you!
You closely miss something. Something hits you!!
* * * LOW HITPOINT WARNING * * *
You slash something! You freeze something. Something hits you!!
You die...

#### ###..### .......# #
######.....# .# #....'.....#
##..# #....#.....#####....#
#....#...............
#....##..............
+.....#.....°@.......
#.....##.....{.......
#......#............#
##.)))..#............#
+....)..#.##########.#
#.......#.# #.# #.......#.#
#.###### #.......#.#
#.......
#.......'.##########...#####


There were no monsters in sight!

Vanquished Creatures
  Pikel (D:8)
  A troll (D:8)
  Grinder (Sewer)
  2 hornets (D:8)
  A wyvern (D:9)
  A steam dragon (D:7)
  4 water moccasins
  A black bear (D:8)
  2 ice beasts
  An orc warrior (D:6)
  2 sky beasts
  3 ogres
  4 wolves (D:8)
  2 centaurs
  The ghost of xian the Firebug, an amateur DsFE (D:4)
  A lemure (D:8)
  4 kobold brigands
  2 phantoms
  A gnoll sergeant (D:7)
  A necrophage (D:4)
  A bullfrog (D:7)
  4 scorpions
  An electric eel (D:8)
  A quasit (Sewer)
  8 hounds
  2 jellies
  2 gnoll boudas
  An iguana (D:7)
  Natasha (thrice) (D:4)
  3 orc wizards
  11 adders
  12 gnolls
  2 river rats (D:5)
  2 shadow imps (Sewer)
  2 white imps (D:6)
  3 ufetubi
  An adder zombie (Sewer)
  4 worms
  3 dart slugs
  15 orcs
  11 endoplasms
  5 giant cockroaches
  6 goblins
  12 hobgoblins
  7 jackals
  24 kobolds
  9 quokkas
  16 ball pythons
  12 bats
  4 frilled lizards
  26 rats
249 creatures vanquished.

Vanquished Creatures (others)
  An endoplasm (Sewer)
1 creature vanquished.

Grand Total: 250 creatures vanquished

Notes
Turn   | Place    | Note
-------+----------+-------------------------------------------
     0 | D:1      | Sabo the Demonspawn Berserker began the quest for the Orb.
     0 | D:1      | Reached XP level 1. HP: 18/18 MP: 1/1
   406 | D:1      | Gained mutation: You have a pair of small antennae on your
                  | head. [demonic ancestry]
   406 | D:1      | Reached XP level 2. HP: 21/24 MP: 2/2
   476 | D:1      | Found a faded altar of an unknown god.
   669 | D:1      | Reached skill level 3 in Axes
   669 | D:1      | Gained mutation: You are partially covered in molten
                  | scales. (AC +2) [demonic ancestry]
   669 | D:1      | Reached XP level 3. HP: 17/29 MP: 3/3
  1950 | D:2      | Reached ** piety under Trog
  2170 | D:2      | Reached XP level 4. HP: 31/36 MP: 4/4
  3438 | D:3      | Reached skill level 4 in Axes
  3942 | D:3      | Reached *** piety under Trog
  4013 | D:3      | Gained mutation: You are partially covered in sharp spines.
                  | [demonic ancestry]
  4013 | D:3      | Reached XP level 5. HP: 32/41 MP: 5/5
  4528 | D:4      | Found a runed translucent door.
  4599 | D:4      | Noticed xian's ghost (amateur DsFE)
  5156 | D:4      | Reached skill level 1 in Short Blades
  5156 | D:4      | Reached XP level 6. HP: 48/48 MP: 6/6
  5424 | D:4      | Noticed Natasha
  5429 | D:4      | Killed Natasha
  5909 | D:4      | Noticed Natasha
  5916 | D:4      | Killed Natasha
  6116 | D:4      | Killed xian's ghost
  6117 | D:4      | Gained mutation: Your demonic aura sometimes causes spilled
                  | blood to erupt in flames. [demonic ancestry]
  6117 | D:4      | Reached XP level 7. HP: 49/54 MP: 7/7
  6150 | D:4      | Noticed Natasha
  6166 | D:4      | Killed Natasha
  6341 | D:4      | Identified a scroll of acquirement
  6342 | D:4      | Acquired 708 gold pieces
  6353 | D:5      | Entered Level 5 of the Dungeon
  6452 | D:5      | Reached **** piety under Trog
  6475 | D:5      | Found a glowing drain.
  6484 | Sewer    | Entered a sewer
  6617 | Sewer    | Found a burning altar of Makhleb.
  6749 | Sewer    | Noticed Grinder
  6767 | Sewer    | Paralysed by Grinder for 3 turns
  6776 | Sewer    | Paralysed by Grinder for 3 turns
  6783 | Sewer    | Killed Grinder
  6784 | Sewer    | Gained mutation: Your magical and physical power is
                  | slightly enhanced at high health. [demonic ancestry]
  6784 | Sewer    | Reached XP level 8. HP: 32/61 MP: 8/8
  7235 | D:5      | Reached skill level 5 in Armour
  7424 | D:5      | Found a shimmering altar of Xom.
  7424 | D:5      | Found a sparkling altar of Nemelex Xobeh.
  7426 | D:5      | Found a snail-covered altar of Cheibriados.
  7435 | D:5      | Reached skill level 5 in Short Blades
  7477 | D:5      | Found a hide-covered altar of Uskayaw.
  7679 | D:5      | Reached skill level 5 in Fighting
  7679 | D:5      | Reached skill level 1 in Stealth
  8048 | D:6      | Found Jikiapt's General Store.
  8125 | D:6      | Bought the +7 war axe "Huqam" {freeze, rElec rCorr} for 730
                  | gold pieces
  8125 | D:6      | Bought a scroll of identify for 24 gold pieces
  8125 | D:6      | Bought a scroll of identify for 24 gold pieces
  8488 | D:6      | Found a staircase to the Ecumenical Temple.
  8501 | D:6      | Reached ***** piety under Trog
  8502 | D:6      | Reached XP level 9. HP: 34/68 MP: 9/9
  8845 | D:6      | Reached skill level 5 in Axes
  8938 | D:6      | Found Hoycics's Book Emporium.
  9389 | D:7      | Found a stormy altar of Qazlal.
  9682 | D:7      | Reached skill level 6 in Axes
 10017 | D:7      | Found an iron altar of Okawaru.
 10395 | D:8      | Noticed a troll
 10408 | D:8      | Killed a troll
 10436 | D:8      | Paralysed by a hornet for 1 turns
 10439 | D:8      | Paralysed by a hornet for 3 turns
 10444 | D:8      | Reached skill level 7 in Axes
 10853 | D:8      | Gained mutation: You are mostly covered in molten scales.
                  | (AC +3) [demonic ancestry]
 10853 | D:8      | Reached XP level 10. HP: 76/76 MP: 10/10
 10853 | D:8      | Noticed Pikel
 10862 | D:8      | Killed Pikel
 10876 | D:8      | Reached skill level 8 in Axes
 11110 | D:8      | Found a staircase to the Lair.
 11338 | D:9      | Received a gift from Trog
 11376 | D:9      | Noticed Erolcha
 11384 | D:9      | Slain by Erolcha

Illustrated notes

Levels and vault maps discovered:
D:1:      eino_arrival_cavern_a, layout_loops_ring,
          dreamdust_ecumenical_altar_statues
D:2:      minmay_diamond_boxcup, layout_loops_corners, minmay_rat_hole
D:3:      layout_rooms
D:4:      layout_loops_ring, hellmonk_ghost_happy_afterlife,
          serial_co_window_serial, co_window_paths_b, co_window_paths_a,
          co_window_corner_a, co_window_of_opportunity_a, co_window_corner_a,
          co_window_unsneaky_path_e, co_window_unsneaky_path_c,
          co_window_2corner, co_window_broadway_c, co_window_of_opportunity_c,
          co_window_paths_c, glass_columns_a, hangedman_decor_points,
          hangedman_decor_peaks_small, uniq_natasha
D:5:      layout_basic, grunt_temple_overflow_cloverleaf,
          lightli_sewer_entry_pipes
D:6:      layout_cave_pools, minmay_temple_entry_nine_rooms, serial_shops,
          nicolae_diamond_shop, shop_fountains, minmay_misc_feat_secret_circle,
          chequers_mini_garden, corner_web_ring, minmay_misc_feat_x
D:7:      layout_basic, chequers_decorated_corner, hangedman_feature_mirror
D:8:      layout_cave_pools, erik_lair_island, uniq_pikel
D:9:      layout_irregular_city, zombieorc1_lemuel, minmay_misc_feat_iff,
          uniq_prince_ribbit1, uniq_erolcha

Skill      XL: |  1  2  3  4  5  6  7  8  9 10 |
---------------+-------------------------------+-----
Axes           | 3 4 7 8 |  8.2
Armour         | 2 3 4 5 7 |  7.2
Dodging        | 2 3 4 |  4.6
Short Blades   | 1 3 4 6 |  6.1
Fighting       | 4 5 6 |  6.4
Stealth        | 1 2 |  2.0
Evocations     | |  0.3

Action                   |  1- 3 |  4- 6 |  7- 9 | 10-12 || total
-------------------------+-------+-------+-------+-------++-------
Melee: Hand axe          |   152 |    54 |    41 |       ||   247
       Punch             |     4 |     1 |     1 |       ||     6
       Rapier            |       |   125 |   128 |       ||   253
       War axe           |       |       |    80 |    25 ||   105
Invok: Berserk           |     1 |     4 |     1 |     1 ||     7
Evoke: Wand              |       |       |     1 |       ||     1
  Use: Scroll            |       |     2 |     9 |     2 ||    13
       Potion            |       |       |     2 |       ||     2
Armor: Ring mail         |    78 |     1 |       |       ||    79
       Chain mail        |       |   117 |   130 |       ||   247
       Steam dragon scal |       |       |    13 |     8 ||    21
Dodge: Dodged            |   109 |   134 |   176 |    17 ||   436
